 Dungeon Crawl Stone Soup version 0.31-a0-659-gc5a091b79a (webtiles) character file.

Game seed: 3904258567192695359

308 IndexError the Magician (level 6, 0/47 HPs)
             Began as a Djinni Conjurer on Aug 31, 2023.
             Was an Initiate of Gozag.
             Slain by a gnoll
             ... wielding a +0 flail
              (9 damage)
             ... on level 4 of the Dungeon.
             The game lasted 00:05:47 (3386 turns).

IndexError the Magician (Djinni Conjurer)           Turns: 3386, Time: 00:05:47

Health: 0/47       AC:  5    Str: 12    XL:     6   Next: 68%
Gold:   93         EV: 10    Int: 22    God:    Gozag SH:  0 Dex: 11

rFire   + + .        p - +1 whip (flame)
rCold   . . .        (no shield)
rNeg    . . .        s - +0 ring mail {rC+}
rPois   ∞            (no helmet)
rElec   .            (no cloak)
rCorr   .            (no gloves)
SInv    .            (boots unavailable)
Will    .....        (no amulet)
Stlth   +            e - +6 ring of strength
HPRegen 0.27/turn    (no ring)
MPRegen 0.00/turn

%: infuse magic (-1 HP)
@: gold aura, flying
A: sickness immunity, fire resistance 2, cold vulnerability 1, float, innate
caster, HP casting, extra vitality 1
a: Renounce Religion, Potion Petition, Call Merchant, Bribe Branch


You were on level 4 of the Dungeon.
You worshipped Gozag.
Gozag was noncommittal.
You visited 1 branch of the dungeon, and saw 4 of its levels.

You collected 168 gold pieces.
You paid 75 gold pieces to Gozag.

Inventory:

Hand Weapons
 p - a +1 whip of flaming (weapon)
   (You took it off an orc on level 2 of the Dungeon)
Missiles
 h - 2 javelins
Armour
 a - a +0 robe
 s - a +0 ring mail of cold resistance (worn)
   (You took it off an orc on level 3 of the Dungeon)
Jewellery
 e - a +6 ring of strength (left hand)
   (You found it on level 1 of the Dungeon)
Scrolls
 b - 2 scrolls of immolation {unknown}
 c - a scroll of amnesia {unknown}
 f - a scroll of fog {unknown}
 i - 2 scrolls of revelation {unknown}
 j - a scroll of enchant weapon {unknown}
 k - 2 scrolls of teleportation {unknown}
 l - a scroll of enchant armour {unknown}
 m - 5 scrolls of identify {unknown}
Potions
 d - a potion of magic {unknown}
 g - 3 potions of lignification {unknown}
 n - 2 potions of degeneration {unknown}
 o - 4 potions of curing {unknown}
 q - a potion of might {unknown}
 r - a potion of brilliance {unknown}


   Skills:
 + Level 4.2 Fighting
 - Level 2.1 Dodging
 - Level 1.5 Stealth
 + Level 4.7 Spellcasting
 + Level 4.7 Conjurations
 + Level 4.7 Hexes
   Level 0.0 Charms
 + Level 4.7 Summonings
 + Level 4.7 Necromancy
 + Level 4.7 Translocations
 + Level 4.7 Transmutations
 + Level 4.7 Fire Magic
 + Level 4.7 Ice Magic
 + Level 4.7 Air Magic
 + Level 4.7 Earth Magic
 + Level 4.7 Poison Magic


You knew the following spells:

 Your Spells              Type           Power      Damage    Failure   Level
a - Magic Dart            Conj           100%       1d8       3%          1
b - Searing Ray           Conj           52%        2d6       4%          2
c - Dazzling Flash        Conj/Hex       52%        N/A       10%         3
d - Fulminant Prism       Conj/Hex       13%        3d9       32%         4
e - Sting                 Tmut/Pois      100%       1d8       3%          1
f - Static Discharge      Conj/Air       52%        2-5/arc   4%          2
x - Iskenderun's Mystic   Conj/Tloc      26%        2d7       32%         4
Your spell library was empty.

Dungeon Overview and Level Annotations

Branches:
Dungeon (4/15)             Temple (0/1) D:4

Altars:
Ashenzari
Gozag
Qazlal
Zin

Shops:
D:1 ((==


Innate Abilities, Weirdness & Mutations

You are immune to sickness and miasma.
You are immune to poison.
Your flesh is very heat resistant. (rF++)
You are vulnerable to cold. (rC-)
You float through the air rather than walking.
You learn spells naturally, not from books.
Your magical power is your life essence.
You have superior vitality. (+4 MHP)


Message History

Found a staircase to the Ecumenical Temple.
There is a stone staircase leading up here.
You fly upwards.
There is a stone staircase leading down here.
There is a stone staircase leading down here.
You fly downwards.
There is a stone staircase leading up here.
You fly upwards.
There is a stone staircase leading down here.
There is an escape hatch in the floor here.
You see here a +0 whip.
You see here 8 stones.
There is a stone staircase leading down here.
You fly downwards.
There is a stone staircase leading up here.
You now have 85 gold pieces (gained 4).
Found a stone staircase leading down.
A hobgoblin comes into view.
The hobgoblin shouts!
The magic dart hits the hobgoblin.
You take 1 damage, and have 46/47 hp.
You can't see any susceptible monsters within range! (Use Z to cast anyway.) HP restored.
m - 5 scrolls labelled GUFOEG SINUHOR (gained 1)
You now have 93 gold pieces (gained 8).
An iguana comes into view.
The iguana hisses angrily.
You hear a shout!
Health restored: 47 An iguana is nearby!
The magic dart hits the iguana but does no damage.
You take 1 damage, and have 46/47 hp.
The magic dart hits the iguana.
Casting: Magic Dart (safe; 3% risk of failure)
Confirm with . or Enter, or press ? or * to list all spells.
Aiming: Searing Ray (safe; 5% risk of failure)
Press: ? - help, Shift-Dir - straight line, f/p - iguana
Aim: an iguana (lightly wounded, 82% to hit)
The searing ray hits the iguana. (Press . to maintain the ray.)
A gnoll comes into view. It is wielding a +0 flail.
You take 2 damage, and have 44/47 hp.
The searing ray hits the iguana.
You take 1 damage, and have 43/47 hp.
The searing ray misses the iguana.
You take 1 damage, and have 42/47 hp.
The searing ray hits the iguana.
You finish channelling your searing ray.
The iguana closely misses you.
Casting: Searing Ray (safe; 5% risk of failure)
Confirm with . or Enter, or press ? or * to list all spells.
Aiming: Searing Ray (safe; 5% risk of failure)
Press: ? - help, Shift-Dir - straight line, f/p - iguana
Aim: an iguana (moderately wounded, 82% to hit)
The searing ray hits the iguana. (Press . to maintain the ray.)
The iguana bites you!
You take 9 damage, and have 33/47 hp.
The searing ray hits the iguana!
A gnoll comes into view. It is wielding a +0 whip.
An endoplasm comes into view.
You take 1 damage, and have 32/47 hp.
The gnoll shouts!
The endoplasm quivers.
A gnoll comes into view.
It is wielding a +0 whip of electrocution.
You take 1 damage, and have 31/47 hp.
The magic dart hits the gnoll.
The gnoll shouts!
The gnoll hits you with a +0 flail!
You take 10 damage, and have 21/47 hp.
MASSIVE DAMAGE!!
You are too injured to fight recklessly!
You are too injured to fight recklessly!
The gnoll attacks as it pursues you! The gnoll closely misses you.
You hit the gnoll but do no damage. The gnoll hits you with a +0 flail.
The gnoll closely misses you.
You barely miss the gnoll. The gnoll barely misses you.
The endoplasm is distracted by your dazzling golden aura.
You closely miss the gnoll. The gnoll hits you with a +0 flail.
You take 6 damage, and have 15/47 hp.
The endoplasm quivers.
You hit the gnoll. You burn the gnoll. The gnoll closely misses you.
You closely miss the gnoll.
The endoplasm is no longer distracted by gold.
The gnoll hits you with a +0 flail.
* * * LOW HITPOINT WARNING * * *
You take 3 damage, and have 12/47 hp.
Casting: Magic Dart (safe; 3% risk of failure)
Confirm with . or Enter, or press ? or * to list all spells.
Aiming: Searing Ray (safe; 4% risk of failure)
Press: ? - help, Shift-Dir - straight line, f - gnoll, p - gnoll
Aim: a gnoll, wielding a +0 whip of electrocution (82% to hit)
The searing ray misses the gnoll.
The searing ray hits the gnoll! (Press . to maintain the ray.)
* * * LOW HITPOINT WARNING * * *
The gnoll barely misses you.
You take 2 damage, and have 10/47 hp.
The searing ray hits the gnoll.
The searing ray hits the endoplasm!
* * * LOW HITPOINT WARNING * * *
The gnoll hits you with a +0 flail!
You die...
Your body crumbles into a pile of gold.

### #.# #.# ... #.######
#.#.@gg# #####.#.##$###
## #..........$...gg. ..
#.##.............. ..
#######.##..........[...
..
........................
..
######.#.....##########
#......#.....#
##...###.....#


You could see 2 gnolls.

Vanquished Creatures
  A sky beast (D:3)
  An orc priest (D:3)
  2 iguanas
  A gnoll (D:4)
  4 adders
  A worm (D:2)
  3 dart slugs
  5 orcs
  9 ball pythons
  6 endoplasms
  3 goblins
  8 hobgoblins
  4 jackals (D:1)
  8 kobolds
  3 quokkas (D:1)
  10 bats
  3 frilled lizards
  4 rats
76 creatures vanquished.

Notes
Turn   | Place    | Note
-------+----------+-------------------------------------------
     0 | D:1      | IndexError the Djinni Conjurer began the quest for the Orb.
     0 | D:1      | IndexError set off with the following spells memorised:
                  | Magic Dart, Searing Ray, Dazzling Flash, Fulminant Prism,
                  | Iskenderun's Mystic Blast.
     0 | D:1      | Reached XP level 1. HP: 15/15 MP: 0/0
   124 | D:1      | Reached XP level 2. HP: 21/22 MP: 0/0
   133 | D:1      | Reached skill level 1 in Fighting
   147 | D:1      | Found Ifiuxtoi's Antique Weapon Shoppe.
   149 | D:1      | Found Jic Xeg's Weapon Shop.
   286 | D:1      | Found Zikk's Jewellery Emporium.
   555 | D:1      | Reached XP level 3. HP: 26/27 MP: 0/0
   555 | D:1      | Learned a level 1 spell: Sting
  1022 | D:1      | Found Laeluack's Jewellery Shoppe.
  1299 | D:2      | Reached skill level 2 in Fighting
  1301 | D:2      | Reached XP level 4. HP: 30/33 MP: 0/0
  1827 | D:2      | Reached skill level 4 in Spellcasting
  1827 | D:2      | Reached skill level 4 in Conjurations
  1827 | D:2      | Reached skill level 4 in Hexes
  1827 | D:2      | Reached skill level 4 in Summonings
  1827 | D:2      | Reached skill level 4 in Necromancy
  1827 | D:2      | Reached skill level 4 in Translocations
  1827 | D:2      | Reached skill level 4 in Transmutations
  1827 | D:2      | Reached skill level 4 in Fire Magic
  1827 | D:2      | Reached skill level 4 in Ice Magic
  1827 | D:2      | Reached skill level 4 in Air Magic
  1827 | D:2      | Reached skill level 4 in Earth Magic
  1827 | D:2      | Reached skill level 4 in Poison Magic
  2100 | D:3      | Found a stormy altar of Qazlal.
  2100 | D:3      | Noticed a sky beast
  2113 | D:3      | Killed a sky beast
  2114 | D:3      | Reached skill level 3 in Fighting
  2114 | D:3      | Reached XP level 5. HP: 31/40 MP: 0/0
  2114 | D:3      | Learned a level 2 spell: Static Discharge
  2263 | D:3      | Found a broken altar of Ashenzari.
  2441 | D:3      | Reached XP level 6. HP: 41/46 MP: 0/0
  2491 | D:3      | Found an opulent altar of Gozag.
  2633 | D:3      | Found a glowing silver altar of Zin.
  2658 | D:3      | Reached skill level 4 in Fighting
  2966 | D:4      | HP: 7/47 [gnoll/+2 flail of protection (10)]
  2967 | D:4      | HP: 2/47 [gnoll/+2 flail of protection (5)]
  3171 | D:3      | Became a worshipper of Gozag Ym Sagoz the Greedy
  3260 | D:4      | Found a staircase to the Ecumenical Temple.
  3386 | D:4      | Slain by a gnoll

Illustrated notes

Levels and vault maps discovered:
D:1:      saegor_arrival_under_anarchy, layout_basic, serial_shops,
          nicolae_shop_bloodbath_and_beyond, nicolae_shop_window_shopping,
          nicolae_shop_tiny_glass, nicolae_shop_window_shopping, minivault_23,
          minmay_tetromino_t4
D:2:      layout_loops_cross
D:3:      layout_loops_cross, nicolae_qazlal_beasts_of_the_sky,
          nicolae_gozag_seed_capital, mainiacjoe_overflow_brackets,
          lemuel_tele_altar, minmay_statues_item, amethyst_killhole
D:4:      layout_basic, minmay_temple_entry_waves, dreamdust_princess_bridge

Skill      XL: |  1  2  3  4  5  6 |
---------------+-------------------+-----
Fighting       | 1 2 3 4 |  4.2
Spellcasting   | 4 |  4.7
Conjurations   | 4 |  4.7
Hexes          | 4 |  4.7
Summonings     | 4 |  4.7
Necromancy     | 4 |  4.7
Translocations | 4 |  4.7
Transmutations | 4 |  4.7
Fire Magic     | 4 |  4.7
Ice Magic      | 4 |  4.7
Air Magic      | 4 |  4.7
Earth Magic    | 4 |  4.7
Poison Magic   | 4 |  4.7
Dodging        | |  2.1
Stealth        | |  1.5

Action                     |  1- 3 |  4- 6 || total
---------------------------+-------+-------++-------
  Melee: Unarmed           |     2 |       ||     2
         Whip              |       |     5 ||     5
   Cast: Magic Dart        |    67 |   100 ||   167
         Searing Ray       |       |     5 ||     5
 Armour: Robe              |     7 |    11 ||    18
         Ring mail         |       |     6 ||     6
  Dodge: Dodged            |    18 |    12 ||    30

Table legend: (Time is in decaauts)
 A = Elapsed time spent in this place.
 B = Non-inter-level travel time spent in this place.
 C = Inter-level travel time spent in this place.
 D = Time resting spent in this place.
 E = Time spent auto-exploring this place.
 F = Levels seen in this place.
 G = Mean time per level.
                   A        B        C        D        E       F      G
               +--------+--------+--------+--------+--------+-----+--------+
         Total |   3388 |   2940 |    448 |      0 |   2564 |   4 |  847.0 |
       Dungeon |   3388 |   2940 |    448 |      0 |   2564 |   4 |  847.0 |
               +--------+--------+--------+--------+--------+-----+--------+

Top non-repeatable levels by time:
     D:1: 1278 daAuts
     D:3: 1248 daAuts
     D:2: 781 daAuts
     D:4: 80 daAuts

Levels and vault maps discovered:
D:1:      saegor_arrival_under_anarchy, layout_basic, serial_shops,
          nicolae_shop_bloodbath_and_beyond, nicolae_shop_window_shopping,
          nicolae_shop_tiny_glass, nicolae_shop_window_shopping, minivault_23,
          minmay_tetromino_t4
D:2:      layout_loops_cross
D:3:      layout_loops_cross, nicolae_qazlal_beasts_of_the_sky,
          nicolae_gozag_seed_capital, mainiacjoe_overflow_brackets,
          lemuel_tele_altar, minmay_statues_item, amethyst_killhole
D:4:      layout_basic, minmay_temple_entry_waves, dreamdust_princess_bridge

Table legend: (Time is in decaauts)
 A = Elapsed time spent in this place.
 B = Non-inter-level travel time spent in this place.
 C = Inter-level travel time spent in this place.
 D = Time resting spent in this place.
 E = Time spent auto-exploring this place.
 F = Levels seen in this place.
 G = Mean time per level.
                   A        B        C        D        E       F      G
               +--------+--------+--------+--------+--------+-----+--------+
         Total |   3388 |   2940 |    448 |      0 |   2564 |   4 |  847.0 |
       Dungeon |   3388 |   2940 |    448 |      0 |   2564 |   4 |  847.0 |
               +--------+--------+--------+--------+--------+-----+--------+

Top non-repeatable levels by time:
     D:1: 1278 daAuts
     D:3: 1248 daAuts
     D:2: 781 daAuts
     D:4: 80 daAuts

Table legend:
 A = Kills in this place as a percentage of kills in the entire game.
 B = Kills by you in this place as a percentage of kills by you in the entire game.
 C = Kills by friends in this place as a percentage of kills by friends in the entire game.
 D = Other kills in this place as a percentage of other kills in the entire game.
 E = Experience gained in this place as a percentage of experience gained in the entire game.
 F = Experience gained in this place divided by the number of levels of this place that you have seen.
                   A       B       C       D       E      F
               +-------+-------+-------+-------+-------+----------------------
         Total | 100.0 | 100.0 |   N/A |   N/A | 100.0 | 110.5
       Dungeon | 100.0 | 100.0 |   N/A |   N/A | 100.0 | 110.5
               +-------+-------+-------+-------+-------+----------------------
